 Dungeon Crawl Stone Soup version 0.28-a0-1520-gc3277d3759 (webtiles) character file.

Game seed: 13344493335006486377

97 sanka the Archer (level 4, -5/34 HPs)
             Began as a Gnoll Wanderer on Jan 17, 2022.
             Slain by an orc warrior (9 damage)
             ... on level 2 of the Dungeon.
             The game lasted 00:02:08 (1793 turns).

sanka the Archer (Gnoll Wanderer)                   Turns: 1793, Time: 00:02:09

Health: -5/34      AC:  4    Str: 16    XL:     4   Next: 68%
Magic:  8/8        EV: 13    Int:  8    God:
Gold:   56         SH:  0    Dex: 12    Spells: 9/9 levels left

rFire   . . .      SeeInvis .   a - +2 shortbow
rCold   . . .      Faith    .   (shield currently unavailable)
rNeg    . . .      Spirit   .   e - +0 leather armour
rPois   .          Reflect  .   (no helmet)
rElec   .          Harm     .   (no cloak)
rCorr   .          Rampage  .   d - +0 pair of gloves
Will    .....                   (no boots)
Stlth   +.........              (no amulet)
HPRegen 0.11/turn               (no ring)
MPRegen 0.11/turn               (no ring)

@: no status effects
A: fangs 1, strong nose, distributed training
a: no special abilities


You were on level 2 of the Dungeon.
You visited 1 branch of the dungeon, and saw 3 of its levels.

You collected 56 gold pieces.


Innate Abilities, Weirdness & Mutations

You have very sharp teeth.
Your uncanny sense of smell can sniff out nearby items.
Your experience applies equally to all skills.


   Skills:
 + Level 2.8 Fighting
 + Level 1.2 Short Blades
 + Level 1.2 Long Blades
 + Level 1.2 Axes
 + Level 1.2 Maces & Flails
 + Level 1.2 Polearms
 + Level 1.2 Staves
 + Level 1.2 Slings
 + Level 8.6 Bows
 + Level 1.2 Crossbows
 + Level 1.2 Throwing
 + Level 2.8 Armour
 + Level 4.7 Dodging
 + Level 1.2 Stealth
 + Level 1.2 Shields
 + Level 2.8 Unarmed Combat
 + Level 3.0 Spellcasting
 + Level 1.0 Conjurations
 + Level 1.0 Hexes
 + Level 1.0 Summonings
 + Level 1.0 Necromancy
 + Level 1.0 Translocations
 + Level 1.0 Transmutations
 + Level 1.0 Fire Magic
 + Level 1.0 Ice Magic
 + Level 1.0 Air Magic
 + Level 1.0 Earth Magic
 + Level 1.0 Poison Magic
 + Level 1.3 Invocations
 + Level 1.2 Evocations


You had 9 spell levels left.
You didn't know any spells.
Your spell library contained the following spells:

 Spells                   Type           Power      Damage    Failure   Level
 Ensorcelled Hibernation  Hex/Ice        4%         N/A       36%         2
 Frozen Ramparts          Ice            4%         1d2       58%         3
 Spider Form              Tmut/Pois      2%         N/A       58%         3
 Anguish                  Hex/Necr       1%         N/A       94%         4
 Animate Dead             Necr           1%         N/A       94%         4
 Ice Form                 Ice/Tmut       2%         N/A       94%         4
 Summon Ice Beast         Ice/Summ       2%         N/A       94%         4
 Borgnjor's Vile Clutch   Necr/Erth      1%         N/A       100%        5
 Death Channel            Necr           1%         N/A       100%        6

Inventory:

Hand Weapons
 a - a +2 shortbow (weapon)
 l - a +3 war axe
Missiles
 b - 25 arrows (quivered ammo)
Armour
 d - a +0 pair of gloves (worn)
 e - a +0 leather armour (worn)
Scrolls
 g - a scroll of vulnerability {unknown}
 h - 2 scrolls of fog {unknown}
 i - a scroll of identify {unknown}
 m - a scroll of noise {unknown}
 o - a scroll of magic mapping {unknown}
Potions
 c - 2 potions of attraction {!q}
 f - 3 potions of flight {unknown}
 j - a potion of heal wounds {unknown}
 k - a potion of experience {unknown}
 n - a potion of haste {unknown}

Dungeon Overview and Level Annotations

Branches:
Dungeon (3/15)

Altars:

▒.......▒.▒.▒)....▒▒▒.▒▒.▒.▒
▒.......▒.▒(▒.....▒......▒.▒
▒.......▒.▒.▒.▒▒▒.▒.........
▒.........▒.▒.▒ ▒.▒..▒▒▒▒▒..
▒.........▒.▒.▒ ▒.▒..▒ ▒▒..
▒.........▒.▒.▒ ▒.▒..▒ ▒...
▒.........▒.▒.▒ ▒.▒..▒▒▒▒.♣♣
▒.....)...[o▒+▒▒▒.▒....▒▒♣.♣
▒▒▒▒▒▒+▒...g............▒♣..
▒▒▒▒▒▒+▒▒..[.....▒▒▒.▒..▒♣♣.
▒................▒ ▒.▒..▒▒♣♣
▒........▒▒▒▒▒▒▒▒▒ ▒.▒.....♣
▒........▒ ▒.▒.▒▒▒▒.
▒........▒ ▒.▒....▒.
▒........▒ ▒.▒..▒.▒.
▒........▒ ▒.▒▒▒▒.▒▒
▒........▒ ▒......▒


You could see an orc warrior.


Message History

b - 30 arrows (gained 2)
Things that are here:
a +0 club; a +0 leather armour; an orc corpse Done exploring.
There is a stone staircase leading down here.
You climb downwards.
There is a stone staircase leading up here.
Unknown command.
You shoot an arrow. The arrow hits the orc warrior.
The orc warrior is lightly wounded.
The orc warrior hits you with a +0 battleaxe!
You climb upwards.
There is a stone staircase leading down here.
Unknown command.
You shoot an arrow. The arrow hits the orc warrior!
The orc warrior is heavily wounded.
The orc warrior misses you.
You shoot an arrow.
The arrow hits the orc warrior but does no damage.
The orc warrior is heavily wounded.
You shoot an arrow.
The arrow closely misses the orc warrior.
The orc warrior hits you with a +0 battleaxe!
* * * LOW HITPOINT WARNING * * *
You shoot an arrow.
The arrow completely misses the orc warrior.
The orc warrior hits you with a +0 battleaxe!
You die...

Action                   |  1- 3 |  4- 6 || total
-------------------------+-------+-------++-------
 Fire: Shortbow          |    62 |    24 ||    86
Armor: Leather armour    |     2 |     3 ||     5
Dodge: Dodged            |    11 |     6 ||    17

Levels and vault maps discovered:
D:1:      psy_arrival_statuary, layout_rooms, minmay_misc_feat_rugged,
          kennysheep_crisscross
D:2:      layout_basic, shapermc_ecumenical_altar_totnotflames
D:3:      layout_basic

Notes
Turn   | Place    | Note
-------+----------+-------------------------------------------
     0 | D:1      | sanka the Gnoll Wanderer began the quest for the Orb.
     0 | D:1      | sanka set off with the following items: a +2 shortbow, 27
                  | arrows, a potion of attraction {!q}, a +0 pair of gloves, a
                  | +0 leather armour
     0 | D:1      | Reached XP level 1. HP: 17/17 MP: 4/4
   105 | D:1      | Reached XP level 2. HP: 23/23 MP: 5/5
   533 | D:2      | Found a faded altar of an unknown god.
   678 | D:2      | Reached XP level 3. HP: 24/28 MP: 7/7
  1558 | D:3      | Reached skill level 1 in Short Blades
  1558 | D:3      | Reached skill level 1 in Long Blades
  1558 | D:3      | Reached skill level 1 in Axes
  1558 | D:3      | Reached skill level 1 in Maces & Flails
  1558 | D:3      | Reached skill level 1 in Polearms
  1558 | D:3      | Reached skill level 1 in Staves
  1558 | D:3      | Reached skill level 1 in Slings
  1558 | D:3      | Reached skill level 1 in Crossbows
  1558 | D:3      | Reached skill level 1 in Throwing
  1558 | D:3      | Reached skill level 1 in Stealth
  1558 | D:3      | Reached skill level 1 in Shields
  1558 | D:3      | Reached skill level 3 in Spellcasting
  1558 | D:3      | Reached skill level 1 in Invocations
  1558 | D:3      | Reached skill level 1 in Evocations
  1558 | D:3      | Reached XP level 4. HP: 34/34 MP: 8/8
  1587 | D:3      | Reached skill level 1 in Conjurations
  1587 | D:3      | Reached skill level 1 in Hexes
  1587 | D:3      | Reached skill level 1 in Summonings
  1587 | D:3      | Reached skill level 1 in Necromancy
  1587 | D:3      | Reached skill level 1 in Translocations
  1587 | D:3      | Reached skill level 1 in Transmutations
  1587 | D:3      | Reached skill level 1 in Fire Magic
  1587 | D:3      | Reached skill level 1 in Ice Magic
  1587 | D:3      | Reached skill level 1 in Air Magic
  1587 | D:3      | Reached skill level 1 in Earth Magic
  1587 | D:3      | Reached skill level 1 in Poison Magic
  1744 | D:3      | Noticed an orc warrior
  1793 | D:2      | Slain by an orc warrior

Vanquished Creatures
  A wyvern skeleton (D:3)
  A dart slug (D:2)
  2 orcs (D:2)
  2 ball pythons (D:1)
  6 bats
  3 endoplasms
  3 giant cockroaches
  2 goblins
  3 hobgoblins
  3 jackals (D:1)
  A quokka (D:1)
  3 frilled lizards
  3 kobolds
  A rat (D:3)
34 creatures vanquished.
